 Dungeon Crawl Stone Soup version 0.18.1-50-g88ac8fd (webtiles) character file.

8392 magog001 the Ducker (level 11, -5/163 HPs)
             Began as a Troll Fighter on Sept 6, 2017.
             Slain by a sea snake (6 damage)
             ... on level 11 of the Dungeon on Sept 7, 2017.
             The game lasted 01:10:42 (11767 turns).

magog001 the Ducker (Troll Fighter)                Turns: 11767, Time: 01:10:43

Health: -5/163     AC: 25    Str: 27    XL:     11   Next: 9%
Magic:  11/11      EV:  1    Int:  4    God:
Gold:   552        SH: 17    Dex: 11    Spells: 0 memorised, 10 levels left

rFire  . . .     SeeInvis +     q - +2 hand axe (chop)
rCold  . . .     Gourm    +     (armour currently unavailable)
rNeg   + + +     Faith    +     p - +0 large shield
rPois  +         Spirit   .     (helmet currently unavailable)
rElec  .         Dismiss  .     (cloak currently unavailable)
rCorr  .         Reflect  .     (gloves unavailable)
SustAt .         Harm     .     (boots unavailable)
MR     +....     Clarity  +     m - amulet of faith
Stlth  ++........ NoTele   +    b - ring of protection from magic
                                e - ring of see invisible

@: lethally poisoned (-5 -> -18), tree-form, drained, somewhat resistant to
hostile enchantments, unstealthy
A: unfitting armour, (antennae 0), (claws 0), (talons 0), clarity, fast
metabolism 3, gourmand, regeneration 2, (shaggy fur 0), (tough skin 0)
a: no special abilities


You were on level 11 of the Dungeon.
You were not hungry.
You were a tree.
You visited 2 branches of the dungeon, and saw 12 of its levels.

You collected 552 gold pieces.

Inventory:

Hand Weapons
 d - a +3 morningstar
 q - a +2 hand axe of chopping (weapon)
Missiles
 l - 53 poisoned needles
 w - 2 javelins (quivered)
 y - a tomahawk
Armour
 n - a +2 robe of magic resistance (melded)
 p - a +0 large shield (worn)
Jewellery
 b - a ring of protection from magic (right branch)
 e - a ring of see invisible (left branch)
 m - an amulet of faith (around neck)
Wands
 h - a wand of flame (14/48)
 A - a wand of acid (0/15)
 E - a wand of polymorph (8/24)
 I - a wand of lightning (2/15)
Scrolls
 g - a scroll of magic mapping
 i - 2 scrolls of remove curse
 j - 2 scrolls of amnesia
 k - a scroll of fear
 o - 2 scrolls of teleportation
 r - a scroll of silence
 G - a scroll of identify
Potions
 c - 2 potions of cancellation
 u - a potion of brilliance
 x - a potion of magic
 B - a potion of resistance
 C - 2 potions of agility
 D - a potion of lignification
 F - a potion of haste {unknown}
Comestibles
 a - 10 fruits
 f - 8 bread rations
 s - 4 royal jellies
 t - 7 meat rations


   Skills:
 * Level 7.4(7.2) Fighting
 * Level 7.6(7.4) Axes
 + Level 7.7(7.5) Dodging
 + Level 1.9(1.7) Stealth
 + Level 7.0(6.8) Shields
 + Level 1.5(1.3) Evocations


You had 10 spell levels left.
You didn't know any spells.

Dungeon Overview and Level Annotations

Branches:
Dungeon (11/15)            Temple (0/1) D:6            Lair (1/8) D:8
    Orc: D:9-12

Altars:
Gozag
Pakellas
Qazlal
Ru

Annotations:
D:9 4 runed doors


Innate Abilities, Weirdness & Mutations

You are too large for most types of armour.
((You have claws for hands.))
Your metabolism is lightning-fast.
You like to eat raw meat.
You heal very quickly.
((You are covered in fur (AC +1).))
((You have very tough skin (AC +2).))
((You have a pair of small antennae on your head.))
((You have sharp toenails.))
You possess an exceptional clarity of mind.


Message History

* * * LOW HITPOINT WARNING * * *
You feel very sick.
The sea snake bites you but does no damage.
You hit the sea snake.
The sea snake is severely wounded.
* * * LOW HITPOINT WARNING * * *
You feel very sick.
The sea snake bites you but does no damage. x2
You slash the sea snake!
The sea snake is severely wounded.
* * * LOW HITPOINT WARNING * * *
You feel very sick. The sea snake bites you!
* * * LOW HITPOINT WARNING * * *
You barely miss the sea snake.
The sea snake is severely wounded.
* * * LOW HITPOINT WARNING * * *
You feel very sick. The sea snake bites you.
You die...

#.# ########.##
#........=# ###
#.........# #..
###.........##.+.###
.##............#.#.#
..#.........####.#.###
## #.#.....†.>.#
#..(..# .(
#...........#
#♣#####.#
###.........#
#.Suh...# #######.###
####W#### ##.# #...#
##..# ###.## #..##
#....# ###.#### #....#
#####..<...######
#....#
................#
#....#


You could see a cyan ugly thing, a sea snake, a wraith and a hound.

Vanquished Creatures
  The ghost of magog001 the Cleaver, a novice DsGl (D:8)
  A hill giant (D:10)
  A komodo dragon (Lair:1)
  2 two-headed ogres
  A spriggan (Lair:1)
  Sigmund (D:3)
  5 yaks (D:8)
  A hungry ghost (D:10)
  A hippogriff (D:11)
  4 water moccasins
  5 orc warriors
  2 sky beasts
  6 ogres
  An eye of draining (D:10)
  A phantom (D:9)
  4 centaurs
  2 crocodiles (Lair:1)
  8 giant frogs
  3 scorpions
  A water moccasin skeleton (D:9)
  8 killer bees
  15 wights
  3 spriggan skeletons (D:10)
  2 howler monkeys
  A crimson imp (D:5)
  A giant frog zombie (D:11)
  A centaur zombie (D:9)
  A jelly (D:9)
  8 orc wizards
  4 hounds
  3 orc priests
  3 centaur skeletons (D:10)
  A giant frog skeleton (D:4)
  Terence (D:2)
  11 worker ants
  2 hound zombies (D:9)
  7 gnolls (D:2)
  A howler monkey skeleton (D:5)
  7 river rats
  11 adders
  A shadow imp (D:6)
  An ooze (D:2)
  An adder zombie (D:9)
  4 worms
  5 dart slugs
  6 giant geckos
  29 orcs
  4 giant cockroaches
  7 goblins
  12 hobgoblins
  5 jackals
  2 quokkas
  3 ball pythons
  10 bats
  A giant gecko zombie (D:6)
  5 giant newts
  A jackal skeleton (D:4)
  11 kobolds
  4 quokka skeletons
  7 rats
  A plant (D:1)
262 creatures vanquished.

Notes
Turn   | Place    | Note
--------------------------------------------------------------
     0 | D:1      | magog001 the Troll Fighter began the quest for the Orb.
     0 | D:1      | Reached XP level 1. HP: 22/22 MP: 0/0
   279 | D:1      | Reached XP level 2. HP: 29/29 MP: 1/1
   730 | D:2      | Reached XP level 3. HP: 31/36 MP: 2/2
  1093 | D:2      | Reached XP level 4. HP: 23/44 MP: 3/3
  1283 | D:2      | Noticed Terence
  1295 | D:2      | Killed Terence
  1573 | D:2      | Reached XP level 5. HP: 53/53 MP: 4/4
  2615 | D:3      | Noticed Sigmund
  2632 | D:3      | Killed Sigmund
  2632 | D:3      | Reached XP level 6. HP: 61/61 MP: 5/5
  3521 | D:4      | Found an oddly glowing altar of Pakellas.
  3574 | D:4      | Reached XP level 7. HP: 67/70 MP: 6/6
  4135 | D:4      | Got a pair of warped gloves
  4454 | D:5      | Entered Level 5 of the Dungeon
  5129 | D:5      | Reached XP level 8. HP: 76/79 MP: 7/7
  5257 | D:6      | Reached skill level 5 in Dodging
  5461 | D:6      | Reached skill level 5 in Fighting
  5895 | D:6      | Found a staircase to the Ecumenical Temple.
  5929 | D:6      | Reached skill level 1 in Stealth
  6491 | D:7      | Found a stormy altar of Qazlal.
  6555 | D:7      | Reached skill level 5 in Axes
  6622 | D:7      | Found a sacrificial altar of Ru.
  6769 | D:7      | Found an opulent altar of Gozag.
  7229 | D:8      | Noticed magog001's ghost (novice DsGl)
  7235 | D:8      | Reached XP level 9. HP: 74/88 MP: 8/8
  7258 | D:8      | Killed magog001's ghost
  7258 | D:8      | Reached skill level 5 in Shields
  7258 | D:8      | Reached skill level 1 in Evocations
  7360 | D:8      | Found a staircase to the Lair.
  7792 | Lair:1   | Entered Level 1 of the Lair of Beasts
  7793 | Lair:1   | Noticed a komodo dragon
  7826 | Lair:1   | HP: 4/89 [komodo dragon (31)]
  7832 | Lair:1   | Killed a komodo dragon
  8104 | Lair:1   | Noticed a komodo dragon
  8112 | Lair:1   | a komodo dragon changed into a spriggan
  8476 | D:8      | Reached XP level 10. HP: 86/100 MP: 10/10
  9039 | D:9      | Gained mutation: You possess an exceptional clarity of mind. [potion of mutation]
  9039 | D:9      | Gained mutation: You have a pair of small antennae on your head. [potion of mutation]
  9039 | D:9      | Gained mutation: You have sharp toenails. [potion of mutation]
  9227 | D:9      | Found a huge runed gate.
  9227 | D:9      | Found a huge runed gate.
  9228 | D:9      | Found a huge runed gate.
  9229 | D:9      | Noticed a griffon
  9229 | D:9      | Found a huge runed gate.
  9231 | D:9      | Noticed a griffon
 10736 | D:10     | Entered Level 10 of the Dungeon
 10815 | D:10     | Noticed a hill giant
 10826 | D:10     | Killed a hill giant
 10878 | D:10     | Identified a scroll of acquirement
 11426 | D:11     | Reached XP level 11. HP: 77/109 MP: 11/11
 11734 | D:11     | Noticed a hill giant
 11750 | D:11     | Noticed a sea snake
 11750 | D:11     | a hill giant changed into a sea snake
 11752 | D:11     | Noticed a cyan ugly thing
 11766 | D:11     | HP: 3/163 [sea snake (11)]
 11767 | D:11     | HP: 1/163 [poisoned by a sea snake]
 11767 | D:11     | Slain by a sea snake

Skill      XL: |  1  2  3  4  5  6  7  8  9 10 11 |
---------------+----------------------------------+-----
Shields        | 3 4 5 6 7 |  7.0
Axes           | 2 3 4 5 6 7 |  7.6
Dodging        | 3 4 5 6 7 |  7.7
Fighting       | 3 4 5 6 7 |  7.4
Stealth        | 1 |  1.9
Evocations     | 1 |  1.5

Action                   |  1- 3 |  4- 6 |  7- 9 | 10-12 || total
-------------------------+-------+-------+-------+-------++-------
Melee: War axe           |   125 |    26 |       |       ||   151
       Hand axe          |       |   155 |   373 |   522 ||  1050
       Kick              |       |       |       |   158 ||   158
Throw: Javelin           |       |       |       |     1 ||     1
Evoke: Wand              |       |       |    16 |     9 ||    25
  Use: Scroll            |       |     5 |    13 |    10 ||    28
       Potion            |       |     3 |     8 |     6 ||    17
 Stab: Sleeping          |     1 |       |     3 |     1 ||     5
  Eat: Chunk             |    12 |    20 |    43 |    24 ||    99
       Beef jerky        |       |       |     1 |       ||     1
       Fruit             |       |       |     3 |       ||     3
       Bread ration      |       |       |     1 |       ||     1
       Royal jelly       |       |       |     1 |       ||     1
       Meat ration       |       |       |       |     2 ||     2
Armor: Robe              |    48 |    47 |    54 |    71 ||   220
       Skin              |       |     1 |       |     5 ||     6
Dodge: Dodged            |    46 |    71 |    96 |    94 ||   307
Block: Shield            |    57 |    78 |    63 |       ||   198
       Large shield      |       |       |   192 |   378 ||   570
